 Dungeon Crawl Stone Soup version 0.18-a0-1626-g65af6d3 (webtiles) character file.

6 M4edhros the Firebug (level 1, -3/11 HPs)
             Began as an Octopode Wanderer on Mar 24, 2016.
             Slain by a hobgoblin (4 damage)
             ... on level 1 of the Dungeon.
             The game lasted 00:00:59 (491 turns).

M4edhros the Firebug (Octopode Wanderer)             Turns: 491, Time: 00:01:00

Health: -3/11      AC:  1    Str: 10    XL:     1   Next: 90%
Magic:  0/2        EV: 11    Int: 15    God:
Gold:   23         SH:  0    Dex: 11    Spells: 1 memorised, 1 level left

rFire  . . .     SeeInvis .     (no weapon)
rCold  . . .     Gourm    .     (no shield)
rNeg   . . .     Faith    .     (helmet restricted)
rPois  .         Spirit   .     (no amulet)
rElec  .         Dismiss  .     (no ring)
rCorr  .         Reflect  .     (no ring)
SustAt .         Harm     .     (no ring)
MR     .....                    (no ring)
Stlth  +++.......               (no ring)
                                (no ring)
                                (no ring)
                                (no ring)

@: very slightly contaminated, not resistant to hostile enchantments, fairly
stealthy
A: almost no armour, amphibious, 8 rings, constrict 8, camouflage 1, gelatinous
body 1
a: no special abilities


You were on level 1 of the Dungeon.
You were not hungry.

You visited 1 branch of the dungeon, and saw 1 of its levels.

You collected 23 gold pieces.

Inventory:

Hand Weapons
 d - a +0 dagger
Books
 a - a book of Air

   Spells                             Type                      Level
   a - Shock                          Conjuration/Air              1
   b - Swiftness                      Charms/Air                   2
   c - Repel Missiles                 Charms/Air                   2
   d - Static Discharge               Conjuration/Air              3
   e - Lightning Bolt                 Conjuration/Air              5
 b - the Handbook of the Valley of Death

   Spells                             Type                      Level
   a - Animate Skeleton               Necromancy                   1
   b - Sublimation of Blood           Necromancy                   2
Comestibles
 c - a chunk of flesh
 f - a bread ration


   Skills:
 - Level 1.3 Stealth
 - Level 1.0 Spellcasting
 * Level 1.0 Conjurations
   Level 2.0 Charms
   Level 2.0 Translocations
   Level 2.0 Fire Magic
 * Level 1.4 Air Magic
   Level 1.1 Evocations


You had one spell level left.
You knew the following spells:

 Your Spells              Type           Power        Failure   Level  Hunger
a - Shock                 Conj/Air       #...         17%         1    ##.....


Dungeon Overview and Level Annotations

Branches:
Dungeon (1/15)

Altars:


Innate Abilities, Weirdness & Mutations

You cannot wear most types of armour.
You are amphibious.
You can wear up to eight rings at the same time.
You can use your tentacles to constrict eight enemies at once.
Your skin changes colour to match your surroundings (Stealth).
Your rubbery body absorbs attacks (AC +1).


Message History

Confirm with . or Enter, or press ? or * to list all spells.
Aiming: Shock
Press: ? - help, Shift-Dir - straight line, f - hobgoblin
Aim: a hobgoblin (severely wounded)
You miscast Shock.
You are very lightly contaminated with residual magic.
Nothing appears to happen.
The hobgoblin barely misses you.
A kobold comes into view.
Casting: Shock
Confirm with . or Enter, or press ? or * to list all spells.
Aiming: Shock
Press: ? - help, Shift-Dir - straight line, f/p - hobgoblin
Aim: a hobgoblin (severely wounded)
The zap misses the hobgoblin.
The hobgoblin hits you but does no damage.
You barely miss the hobgoblin. You grab the hobgoblin.
The hobgoblin is severely wounded.
You constrict the hobgoblin, but do no damage.
The hobgoblin hits you.
You die...

#.#.# #.# # #.#.#.#.# #
#.#.#.#.# # #.#.#.#.# #
#.#.#.#.##########
#.#.#.#..........#
#.#.#............#
#.#......(........
#@#...............
######g#.#############.
........†........ #.
#####.#.#.#.#.K.. #.
#.#.#.#.# .. #. # #.#.#
# #. #.#.# #. #!#.#
#.#.#


You could see a hobgoblin.

Vanquished Creatures
  A goblin (D:1)
  2 jackals (D:1)
  A kobold (D:1)
  A ball python (D:1)
5 creatures vanquished.

Notes
Turn   | Place    | Note
--------------------------------------------------------------
     0 | D:1      | M4edhros the Octopode Wanderer began the quest for the Orb.
     0 | D:1      | M4edhros set off with: a book of Air, the Handbook of the Valley of Death, a potion of lignification, a +0 dagger, a bread ration
     0 | D:1      | Reached XP level 1. HP: 11/11 MP: 2/2
     0 | D:1      | Identified the Handbook of the Valley of Death
     2 | D:1      | Learned a level 1 spell: Shock
   378 | D:1      | Reached skill level 1 in Conjurations
   491 | D:1      | Slain by a hobgoblin

Vault maps used:
D:1:      dpeg_arrival_fog

Skill      XL: |  1 |
---------------+----+-----
Conjurations   | 1 |  1.0
Stealth        | |  1.3
Spellcasting   | |  1.0
Charms         | |  2.0
Translocations | |  2.0
Fire Magic     | |  2.0
Air Magic      | |  1.4
Evocations     | |  1.1

Action                   || total
-------------------------++-------
Melee: Dagger            ||    31
       Unarmed           ||     4
 Cast: Shock             ||     3
  Use: Potion            ||     1
